[ AOE2 MATCH · #469738885 ]
UnrankedKoreans vs Khmer
[ REPLAY ANALYSIS · EXTRACTED FROM THE RECORDED GAME ]
Feudal
15:20
Castle
26:19
Imperial
39:48
| APM avg | 28.3 |
| APM peak | 58 |
| eAPM avg | 16.2 |
| Villagers / military | 100 / 484 |
Focus
⚔️ 30.4% · 🌾 69.6%
Spearman ×292 · Fire Lancer ×77 · Skirmisher ×75 · Iron Pagoda ×24 · Bombard Cannon ×7 · Trebuchet (Packed) ×6
Feudal
16:45
Castle
25:02
Imperial
40:43
| APM avg | 21.3 |
| APM peak | 67 |
| eAPM avg | 15.8 |
| Villagers / military | 107 / 277 |
Focus
⚔️ 45.7% · 🌾 54.3%
Ballista Elephant ×146 · Spearman ×110 · Trade Cart ×18 · Battle Elephant ×14 · Trebuchet (Packed) ×6 · Monk ×1
Feudal
12:22
Castle
20:20
Imperial
38:27
| APM avg | 16.2 |
| APM peak | 57 |
| eAPM avg | 11.1 |
| Villagers / military | 83 / 162 |
Focus
⚔️ 35.4% · 🌾 64.6%
Ballista Elephant ×82 · Battle Elephant ×68 · Trade Cart ×18 · Trebuchet (Packed) ×9 · Monk ×3
Feudal
12:10
Castle
23:00
Imperial
38:01
| APM avg | 15.3 |
| APM peak | 43 |
| eAPM avg | 11.1 |
| Villagers / military | 104 / 316 |
Focus
⚔️ 34.6% · 🌾 65.4%
Spearman ×185 · Teutonic Knight ×77 · Mangonel ×28 · Trade Cart ×28 · Bombard Cannon ×14 · Monk ×6
Match map
Initial resources + every placement click. Lines = walls · curves = elevation contours. ◆ gold · ⬟ stone · ● berries · ✦ relic · ◌ wall gap
Inputs per minute
— Rovaker - - ramparrondo
Build order — Rovaker
First 150 of 373 actions detected
| 0:14 | Research | Loom |
| 0:16 | Create | Villager (Male) |
| 0:16 | Create | Villager (Male) |
| 0:16 | Create | Villager (Male) |
| 0:16 | Create | Villager (Male) |
| 0:17 | Create | Villager (Male) |
| 0:17 | Create | Villager (Male) |
| 0:17 | Create | Villager (Male) |
| 1:04 | Build | Palisade Wall |
| 2:02 | Build | House |
| 2:07 | Build | House |
| 2:20 | Build | House |
| 2:21 | Build | House |
| 2:26 | Build | Palisade Wall |
| 3:27 | Build | Palisade Wall |
| 4:14 | Create | Villager (Male) |
| 4:14 | Create | Villager (Male) |
| 4:45 | Create | Villager (Male) |
| 4:45 | Create | Villager (Male) |
| 5:01 | Build | Palisade Wall |
| 5:10 | Build | Palisade Wall |
| 5:13 | Create | Villager (Male) |
| 5:13 | Create | Villager (Male) |
| 5:42 | Create | Villager (Male) |
| 5:42 | Create | Villager (Male) |
| 6:02 | Build | House |
| 6:11 | Build | Palisade Wall |
| 6:21 | Create | Villager (Male) |
| 6:22 | Create | Villager (Male) |
| 6:22 | Create | Villager (Male) |
| 6:22 | Create | Villager (Male) |
| 7:23 | Build | House |
| 8:11 | Build | Barracks |
| 8:40 | Build | House |
| 8:57 | Create | Villager (Male) |
| 8:57 | Create | Villager (Male) |
| 8:57 | Create | Villager (Male) |
| 8:58 | Create | Villager (Male) |
| 8:58 | Create | Villager (Male) |
| 8:58 | Create | Villager (Male) |
| 9:37 | Build | Mill |
| 9:38 | Create | Villager (Male) |
| 9:38 | Create | Villager (Male) |
| 9:38 | Create | Villager (Male) |
| 11:03 | Build | Lumber Camp |
| 13:10 | Research | Feudal Age |
| 15:20 | Age | Feudal Age |
| 15:31 | Build | Watch Tower |
| 15:38 | Create | Villager (Male) |
| 15:38 | Create | Villager (Male) |
| 15:39 | Create | Villager (Male) |
| 15:39 | Create | Villager (Male) |
| 15:39 | Create | Villager (Male) |
| 15:40 | Create | Villager (Male) |
| 15:41 | Create | Villager (Male) |
| 15:41 | Create | Villager (Male) |
| 15:41 | Create | Villager (Male) |
| 15:41 | Create | Villager (Male) |
| 15:50 | Research | Double-Bit Axe |
| 16:17 | Build | Mining Camp |
| 16:18 | Create | Villager (Male) |
| 16:18 | Create | Villager (Male) |
| 16:37 | Create | Villager (Male) |
| 16:37 | Create | Villager (Male) |
| 17:30 | Create | Villager (Male) |
| 17:31 | Create | Villager (Male) |
| 17:31 | Create | Villager (Male) |
| 17:45 | Build | Archery Range |
| 17:46 | Build | Archery Range |
| 18:04 | Build | Stone Wall |
| 18:20 | Build | Building 487 |
| 18:31 | Create | Villager (Male) |
| 18:31 | Create | Villager (Male) |
| 18:31 | Create | Villager (Male) |
| 19:03 | Build | Market |
| 19:10 | Build | Blacksmith |
| 20:00 | Build | Mining Camp |
| 20:07 | Build | House |
| 20:08 | Build | House |
| 20:10 | Build | House |
| 21:12 | Build | Farm |
| 21:13 | Build | Farm |
| 21:18 | Build | Farm |
| 21:49 | Build | Mill |
| 22:03 | Build | Farm |
| 22:10 | Build | Farm |
| 22:13 | Build | Farm |
| 23:13 | Build | Farm |
| 23:39 | Research | Castle Age |
| 23:39 | Research | Castle Age |
| 23:39 | Research | Castle Age |
| 24:24 | Build | Barracks |
| 24:26 | Build | Barracks |
| 25:52 | Build | Barracks |
| 25:59 | Research | Fletching |
| 26:19 | Age | Castle Age |
| 26:23 | Build | Castle |
| 26:29 | Create | Villager (Male) |
| 26:29 | Create | Villager (Male) |
| 26:29 | Create | Villager (Male) |
| 26:52 | Build | Town Center |
| 27:03 | Create | Villager (Male) |
| 27:03 | Create | Villager (Male) |
| 27:22 | Research | Bodkin Arrow |
| 27:47 | Research | Wheelbarrow |
| 28:03 | Build | Mining Camp |
| 28:09 | Research | Forging |
| 28:10 | Research | Scale Mail Armor |
| 28:29 | Build | Siege Workshop |
| 28:43 | Research | Bow Saw |
| 29:04 | Build | Lumber Camp |
| 29:31 | Research | Pikeman (upgrade) |
| 30:10 | Create | Cavalry Archer |
| 30:24 | Create | Villager (Male) |
| 30:24 | Create | Villager (Male) |
| 30:24 | Create | Villager (Male) |
| 30:39 | Build | Monastery |
| 30:41 | Create | Villager (Male) |
| 30:41 | Create | Villager (Male) |
| 30:41 | Create | Villager (Male) |
| 30:41 | Create | Villager (Male) |
| 31:19 | Create | Battering Ram |
| 31:29 | Build | Farm |
| 31:30 | Build | Farm |
| 31:39 | Create | Monk |
| 31:51 | Research | Gold Mining |
| 31:53 | Research | Stone Mining |
| 32:18 | Build | Archery Range |
| 32:34 | Build | Farm |
| 32:36 | Create | Villager (Male) |
| 32:36 | Create | Villager (Male) |
| 32:52 | Create | Villager (Male) |
| 32:52 | Create | Villager (Male) |
| 33:17 | Build | Farm |
| 33:23 | Create | Villager (Male) |
| 33:24 | Create | Villager (Male) |
| 33:24 | Create | Villager (Male) |
| 33:46 | Create | Iron Pagoda |
| 33:59 | Build | Farm |
| 34:02 | Build | Farm |
| 34:13 | Build | Archery Range |
| 34:38 | Build | Town Center |
| 34:53 | Create | Villager (Male) |
| 34:53 | Create | Villager (Male) |
| 34:53 | Create | Villager (Male) |
| 35:48 | Build | Siege Workshop |
| 35:49 | Build | Siege Workshop |
| 36:38 | Research | Imperial Age |
| 36:51 | Build | University |
| 37:16 | Create | Iron Pagoda |
Build order — ramparrondo
First 150 of 554 actions detected
| 0:03 | Research | Loom |
| 0:03 | Create | Villager (Male) |
| 0:04 | Create | Villager (Male) |
| 0:04 | Create | Villager (Male) |
| 0:04 | Create | Villager (Male) |
| 0:04 | Create | Villager (Male) |
| 0:08 | Build | House |
| 2:02 | Build | Palisade Wall |
| 2:41 | Build | House |
| 2:43 | Create | Villager (Male) |
| 3:21 | Build | House |
| 3:27 | Create | Villager (Male) |
| 3:59 | Create | Villager (Male) |
| 4:00 | Create | Villager (Male) |
| 4:23 | Create | Villager (Male) |
| 4:23 | Create | Villager (Male) |
| 4:47 | Create | Villager (Male) |
| 4:47 | Create | Villager (Male) |
| 5:27 | Create | Villager (Male) |
| 5:28 | Create | Villager (Male) |
| 6:55 | Create | Villager (Male) |
| 6:56 | Create | Villager (Male) |
| 7:36 | Create | Villager (Male) |
| 7:36 | Create | Villager (Male) |
| 7:36 | Create | Villager (Male) |
| 7:37 | Create | Villager (Male) |
| 7:37 | Create | Villager (Male) |
| 8:39 | Create | Villager (Male) |
| 8:49 | Build | Lumber Camp |
| 9:25 | Build | House |
| 10:46 | Create | Villager (Male) |
| 10:47 | Create | Villager (Male) |
| 10:55 | Build | Mill |
| 11:04 | Create | Villager (Male) |
| 11:54 | Create | Villager (Male) |
| 12:20 | Create | Villager (Male) |
| 13:05 | Build | Mill |
| 13:07 | Create | Villager (Male) |
| 13:10 | Create | Villager (Male) |
| 13:13 | Create | Villager (Male) |
| 13:19 | Build | House |
| 13:48 | Build | House |
| 14:25 | Research | Feudal Age |
| 14:41 | Build | House |
| 14:55 | Build | Barracks |
| 16:04 | Build | Mill |
| 16:45 | Age | Feudal Age |
| 17:01 | Build | Stone Wall |
| 17:09 | Build | Building 487 |
| 17:47 | Create | Villager (Male) |
| 17:47 | Create | Villager (Male) |
| 17:50 | Research | Horse Collar |
| 17:56 | Research | Double-Bit Axe |
| 18:01 | Create | Villager (Male) |
| 18:08 | Build | House |
| 18:12 | Build | House |
| 18:14 | Build | House |
| 18:15 | Build | House |
| 18:25 | Build | Farm |
| 18:28 | Build | Farm |
| 18:31 | Create | Villager (Male) |
| 18:31 | Create | Villager (Male) |
| 18:48 | Build | Stone Wall |
| 19:02 | Build | Building 673 |
| 19:09 | Build | Farm |
| 19:12 | Build | Farm |
| 19:25 | Create | Villager (Male) |
| 19:35 | Build | Mining Camp |
| 19:40 | Create | Villager (Male) |
| 19:42 | Create | Villager (Male) |
| 19:47 | Build | Farm |
| 19:52 | Build | Farm |
| 19:54 | Build | Farm |
| 19:59 | Build | Farm |
| 20:28 | Create | Villager (Male) |
| 20:30 | Research | Gold Mining |
| 20:53 | Build | Mining Camp |
| 21:15 | Build | Mining Camp |
| 21:29 | Create | Villager (Male) |
| 21:34 | Create | Villager (Male) |
| 21:36 | Build | Farm |
| 21:38 | Create | Villager (Male) |
| 21:47 | Build | House |
| 21:49 | Build | House |
| 21:51 | Build | House |
| 21:53 | Build | House |
| 21:54 | Build | House |
| 22:04 | Research | Castle Age |
| 22:11 | Build | Farm |
| 22:32 | Build | Mining Camp |
| 22:40 | Create | Villager (Male) |
| 22:40 | Create | Villager (Male) |
| 23:20 | Research | Stone Mining |
| 23:25 | Research | Town Watch |
| 24:19 | Create | Spearman |
| 24:20 | Create | Spearman |
| 25:02 | Age | Castle Age |
| 25:06 | Build | Town Center |
| 25:51 | Research | Heavy Plow |
| 25:55 | Research | Bow Saw |
| 26:02 | Create | Villager (Male) |
| 26:03 | Create | Villager (Male) |
| 26:40 | Build | Town Center |
| 26:47 | Create | Villager (Male) |
| 27:03 | Create | Villager (Male) |
| 27:04 | Create | Villager (Male) |
| 27:22 | Build | Farm |
| 27:25 | Create | Villager (Male) |
| 27:46 | Build | Farm |
| 27:56 | Create | Villager (Male) |
| 27:57 | Create | Villager (Male) |
| 27:57 | Create | Villager (Male) |
| 27:57 | Create | Villager (Male) |
| 27:58 | Create | Villager (Male) |
| 28:08 | Build | Lumber Camp |
| 28:10 | Create | Villager (Male) |
| 28:11 | Create | Villager (Male) |
| 28:18 | Create | Villager (Male) |
| 28:18 | Create | Villager (Male) |
| 28:18 | Create | Villager (Male) |
| 28:28 | Build | Lumber Camp |
| 28:33 | Create | Villager (Male) |
| 28:37 | Build | Farm |
| 28:46 | Build | Farm |
| 29:01 | Create | Villager (Male) |
| 29:01 | Create | Villager (Male) |
| 29:02 | Create | Villager (Male) |
| 29:18 | Build | Farm |
| 29:20 | Create | Villager (Male) |
| 29:21 | Create | Villager (Male) |
| 29:40 | Create | Villager (Male) |
| 29:40 | Create | Villager (Male) |
| 29:41 | Create | Villager (Male) |
| 29:51 | Create | Villager (Male) |
| 30:01 | Build | Farm |
| 30:04 | Build | Farm |
| 30:06 | Create | Villager (Male) |
| 30:14 | Create | Villager (Male) |
| 30:27 | Build | Farm |
| 30:29 | Create | Villager (Male) |
| 30:47 | Build | Market |
| 30:50 | Build | Farm |
| 30:53 | Create | Villager (Male) |
| 30:56 | Build | Farm |
| 31:22 | Research | Pikeman (upgrade) |
| 31:23 | Create | Spearman |
| 31:23 | Create | Spearman |
| 31:23 | Create | Spearman |
| 31:29 | Build | Blacksmith |
| 31:32 | Create | Villager (Male) |
Build order — Mourito
First 150 of 314 actions detected
| 0:05 | Build | House |
| 0:07 | Build | House |
| 0:09 | Create | Villager (Male) |
| 0:10 | Research | Loom |
| 0:11 | Create | Villager (Male) ×3 |
| 1:25 | Build | Palisade Wall |
| 2:03 | Build | Palisade Wall |
| 2:11 | Build | Building 800 |
| 2:14 | Create | Villager (Male) |
| 2:15 | Create | Villager (Male) |
| 2:54 | Create | Villager (Male) |
| 2:54 | Create | Villager (Male) |
| 3:31 | Build | House |
| 3:34 | Build | House |
| 3:39 | Build | House |
| 3:56 | Create | Villager (Male) ×2 |
| 3:56 | Create | Villager (Male) ×2 |
| 4:17 | Create | Villager (Male) |
| 4:17 | Create | Villager (Male) |
| 4:31 | Create | Villager (Male) |
| 5:00 | Create | Villager (Male) |
| 5:17 | Build | Palisade Wall |
| 5:23 | Create | Villager (Male) |
| 5:23 | Create | Villager (Male) |
| 6:05 | Create | Villager (Male) |
| 6:29 | Create | Villager (Male) |
| 7:19 | Create | Villager (Male) |
| 7:42 | Build | Mill |
| 9:01 | Build | Mining Camp |
| 9:37 | Build | Lumber Camp |
| 10:12 | Research | Feudal Age |
| 12:00 | Create | Villager (Male) |
| 12:00 | Create | Villager (Male) |
| 12:00 | Create | Villager (Male) |
| 12:22 | Age | Feudal Age |
| 12:34 | Create | Villager (Male) |
| 12:35 | Create | Villager (Male) |
| 12:49 | Research | Double-Bit Axe |
| 12:59 | Build | Market |
| 14:11 | Research | Horse Collar |
| 14:16 | Create | Villager (Male) |
| 14:16 | Create | Villager (Male) |
| 14:32 | Build | Blacksmith |
| 14:39 | Build | Stable |
| 16:06 | Build | Farm |
| 16:07 | Build | Farm |
| 16:07 | Build | Farm |
| 16:07 | Build | Farm |
| 16:08 | Build | Farm |
| 16:10 | Build | Farm |
| 16:40 | Build | Farm |
| 16:51 | Build | Farm |
| 17:09 | Build | Farm |
| 17:40 | Research | Castle Age |
| 18:05 | Build | House |
| 18:05 | Build | House |
| 18:06 | Build | House |
| 18:06 | Build | House |
| 18:21 | Build | Mining Camp |
| 18:31 | Research | Stone Mining |
| 19:02 | Research | Fletching |
| 19:39 | Research | Wheelbarrow |
| 20:17 | Build | House |
| 20:17 | Build | House |
| 20:17 | Build | House |
| 20:18 | Build | House |
| 20:20 | Age | Castle Age |
| 20:31 | Create | Villager (Male) |
| 20:32 | Create | Villager (Male) |
| 20:32 | Create | Villager (Male) |
| 21:03 | Research | Forging |
| 21:08 | Research | Padded Archer Armor |
| 21:41 | Create | Villager (Male) |
| 22:14 | Create | Villager (Male) |
| 22:14 | Create | Villager (Male) |
| 22:14 | Create | Villager (Male) |
| 22:39 | Research | Gold Mining |
| 23:00 | Build | Town Center |
| 23:20 | Research | Bloodlines |
| 23:38 | Build | Monastery |
| 24:20 | Research | Bodkin Arrow |
| 24:33 | Build | Castle |
| 24:45 | Build | University |
| 24:52 | Create | Villager (Male) |
| 24:53 | Create | Villager (Male) |
| 25:04 | Create | Monk |
| 25:15 | Create | Villager (Male) |
| 25:16 | Create | Villager (Male) |
| 25:16 | Create | Villager (Male) |
| 25:33 | Create | Villager (Male) |
| 25:45 | Build | Farm |
| 25:45 | Build | Farm |
| 25:46 | Build | Farm |
| 25:50 | Create | Villager (Male) |
| 25:50 | Create | Villager (Male) |
| 26:26 | Research | Husbandry |
| 26:52 | Create | Villager (Male) |
| 26:53 | Create | Villager (Male) |
| 27:01 | Build | Farm |
| 27:01 | Build | Farm |
| 27:01 | Build | Farm |
| 27:10 | Create | Battle Elephant |
| 27:21 | Build | Stable |
| 27:39 | Create | Battle Elephant |
| 27:45 | Create | Ballista Elephant |
| 28:10 | Create | Villager (Male) |
| 28:11 | Create | Villager (Male) |
| 28:24 | Research | Town Watch |
| 28:27 | Build | Farm |
| 28:29 | Build | Farm |
| 28:42 | Create | Villager (Male) |
| 28:43 | Create | Villager (Male) |
| 28:46 | Build | Farm |
| 28:54 | Create | Villager (Male) |
| 28:55 | Create | Villager (Male) |
| 29:10 | Create | Battle Elephant |
| 29:34 | Create | Battle Elephant |
| 29:39 | Create | Villager (Male) |
| 29:39 | Create | Villager (Male) |
| 29:51 | Build | Farm |
| 29:51 | Build | Farm |
| 29:51 | Build | Farm |
| 30:17 | Build | Farm |
| 30:17 | Build | Farm |
| 30:24 | Create | Villager (Male) |
| 30:24 | Create | Villager (Male) |
| 30:32 | Create | Battle Elephant |
| 30:33 | Create | Battle Elephant |
| 30:42 | Research | Tusk Swords |
| 30:43 | Create | Ballista Elephant |
| 30:44 | Create | Ballista Elephant |
| 30:52 | Create | Villager (Male) |
| 30:54 | Create | Villager (Male) |
| 31:48 | Research | Scale Barding Armor |
| 31:52 | Create | Ballista Elephant |
| 31:53 | Create | Ballista Elephant |
| 31:54 | Create | Ballista Elephant |
| 32:14 | Create | Villager (Male) |
| 32:19 | Create | Villager (Male) |
| 32:24 | Research | Ballistics |
| 32:40 | Create | Ballista Elephant |
| 32:40 | Create | Ballista Elephant |
| 32:49 | Create | Battle Elephant |
| 34:03 | Create | Villager (Male) |
| 34:03 | Create | Villager (Male) |
| 34:47 | Build | Castle |
| 35:17 | Research | Imperial Age |
| 35:33 | Research | Iron Casting |
| 35:53 | Create | Ballista Elephant |
| 35:53 | Create | Ballista Elephant |
Build order — juanmartincr90
First 150 of 390 actions detected
| 0:03 | Research | Loom |
| 0:03 | Research | Loom |
| 0:04 | Create | Villager (Male) |
| 0:04 | Create | Villager (Male) |
| 0:04 | Create | Villager (Male) |
| 0:05 | Create | Villager (Male) |
| 0:05 | Create | Villager (Male) |
| 0:08 | Build | House |
| 0:09 | Build | House |
| 1:20 | Build | Palisade Wall |
| 2:20 | Build | Outpost |
| 2:27 | Create | Villager (Male) |
| 2:28 | Create | Villager (Male) |
| 3:28 | Create | Villager (Male) |
| 3:28 | Create | Villager (Male) |
| 4:08 | Create | Villager (Male) |
| 4:08 | Create | Villager (Male) |
| 4:18 | Create | Villager (Male) |
| 4:19 | Create | Villager (Male) |
| 4:19 | Create | Villager (Male) |
| 4:32 | Build | House |
| 6:09 | Create | Villager (Male) |
| 6:09 | Create | Villager (Male) |
| 6:10 | Create | Villager (Male) |
| 6:10 | Create | Villager (Male) |
| 7:10 | Build | Lumber Camp |
| 7:21 | Build | House |
| 7:57 | Create | Villager (Male) |
| 7:57 | Create | Villager (Male) |
| 8:01 | Create | Villager (Male) |
| 9:11 | Build | Mill |
| 10:00 | Research | Feudal Age |
| 10:07 | Build | Mill |
| 10:33 | Build | Lumber Camp |
| 11:43 | Create | Villager (Male) |
| 11:43 | Create | Villager (Male) |
| 12:10 | Age | Feudal Age |
| 12:16 | Research | Double-Bit Axe |
| 12:46 | Create | Villager (Male) |
| 12:46 | Create | Villager (Male) |
| 12:52 | Research | Horse Collar |
| 13:41 | Create | Villager (Male) |
| 13:54 | Build | House |
| 13:55 | Build | House |
| 13:58 | Build | House |
| 13:59 | Build | House |
| 14:00 | Build | House |
| 14:04 | Create | Villager (Male) |
| 14:55 | Create | Villager (Male) |
| 14:55 | Create | Villager (Male) |
| 14:56 | Create | Villager (Male) |
| 15:38 | Build | Mining Camp |
| 16:07 | Build | Farm |
| 16:09 | Build | Farm |
| 16:10 | Build | Farm |
| 16:11 | Build | Farm |
| 16:12 | Build | Farm |
| 16:13 | Build | Farm |
| 16:14 | Build | Farm |
| 16:15 | Build | Farm |
| 16:17 | Build | Farm |
| 16:19 | Build | Farm |
| 16:20 | Build | Farm |
| 16:21 | Build | Farm |
| 16:21 | Build | Farm |
| 16:22 | Build | Farm |
| 16:23 | Build | Farm |
| 16:24 | Build | Farm |
| 16:29 | Build | Farm |
| 16:35 | Create | Villager (Male) |
| 16:35 | Create | Villager (Male) |
| 16:35 | Create | Villager (Male) |
| 16:36 | Create | Villager (Male) |
| 16:36 | Create | Villager (Male) |
| 16:53 | Build | Market |
| 17:36 | Build | Blacksmith |
| 17:48 | Build | Lumber Camp |
| 18:26 | Create | Villager (Male) |
| 18:27 | Create | Villager (Male) |
| 18:27 | Create | Villager (Male) |
| 18:38 | Build | Mining Camp |
| 19:31 | Create | Villager (Male) |
| 19:31 | Create | Villager (Male) |
| 19:32 | Create | Villager (Male) |
| 19:56 | Research | Castle Age |
| 20:28 | Build | Stone Wall |
| 20:33 | Build | Building 665 |
| 20:39 | Research | Wheelbarrow |
| 20:50 | Research | Gold Mining |
| 20:53 | Research | Stone Mining |
| 23:00 | Age | Castle Age |
| 23:02 | Build | Town Center |
| 23:04 | Research | Bow Saw |
| 23:06 | Research | Heavy Plow |
| 23:11 | Research | Stone Shaft Mining |
| 23:23 | Build | Barracks |
| 24:39 | Create | Villager (Male) |
| 24:39 | Create | Villager (Male) |
| 24:39 | Create | Villager (Male) |
| 24:39 | Create | Villager (Male) |
| 24:40 | Create | Villager (Male) |
| 24:48 | Create | Villager (Male) ×5 |
| 24:51 | Research | Hand Cart |
| 24:52 | Create | Villager (Male) ×4 |
| 24:53 | Create | Villager (Male) |
| 25:03 | Build | University |
| 25:08 | Build | Monastery |
| 25:37 | Build | Mill |
| 25:38 | Build | Farm |
| 25:39 | Build | Farm |
| 25:40 | Build | Farm |
| 25:40 | Build | Farm |
| 25:40 | Build | Farm |
| 25:41 | Build | Farm |
| 25:41 | Build | Farm |
| 25:42 | Build | Farm |
| 26:12 | Build | Stone Wall |
| 26:15 | Build | Building 487 |
| 26:21 | Create | Monk |
| 26:27 | Research | Town Watch |
| 26:37 | Create | Villager (Male) |
| 26:41 | Create | Villager (Male) |
| 26:42 | Create | Villager (Male) |
| 26:48 | Research | Caravan |
| 26:49 | Create | Trade Cart |
| 26:49 | Create | Trade Cart |
| 26:49 | Create | Trade Cart |
| 26:50 | Create | Trade Cart |
| 26:50 | Create | Trade Cart |
| 26:50 | Create | Trade Cart |
| 27:24 | Build | Outpost |
| 27:51 | Create | Villager (Male) |
| 27:55 | Create | Villager (Male) ×5 |
| 28:33 | Create | Villager (Male) ×5 |
| 28:39 | Create | Villager (Male) ×5 |
| 28:42 | Research | Forging |
| 28:42 | Research | Scale Mail Armor |
| 28:46 | Build | House |
| 28:48 | Build | House |
| 28:50 | Build | House |
| 28:52 | Build | House |
| 29:38 | Research | Masonry |
| 29:38 | Research | Fortified Wall (upgrade) |
| 29:43 | Research | Squires |
| 29:49 | Research | Gambesons |
| 29:57 | Build | Siege Workshop |
| 30:01 | Build | Siege Workshop |
| 30:04 | Build | Siege Workshop |
| 30:38 | Research | Pikeman (upgrade) |
| 30:44 | Build | Barracks |
Match timeline
| 1:04 | Rovaker · wall_segment Palisade Wall x8 |
| 1:20 | juanmartincr90 · wall_segment Palisade Wall x8 |
| 1:25 | Mourito · wall_segment Palisade Wall x9 |
| 2:02 | ramparrondo · wall_segment Palisade Wall x7 |
| 2:03 | Mourito · wall_segment Palisade Wall x7 |
| 2:26 | Rovaker · wall_segment Palisade Wall x4 |
| 3:27 | Rovaker · wall_segment Palisade Wall x4 |
| 5:01 | Rovaker · wall_segment Palisade Wall x3 |
| 5:10 | Rovaker · wall_segment Palisade Wall x4 |
| 5:17 | Mourito · wall_segment Palisade Wall x1 |
| 6:11 | Rovaker · wall_segment Palisade Wall x1 |
| 8:11 | Rovaker · first_building Barracks |
| 12:10 | juanmartincr90 · age_up feudal |
| 12:22 | Mourito · age_up feudal |
| 14:39 | Mourito · first_building Stable |
| 14:55 | ramparrondo · first_building Barracks |
| 15:20 | Rovaker · age_up feudal |
| 16:24 | Mourito · first_market_buy 100 food |
| 16:45 | ramparrondo · age_up feudal |
| 17:01 | ramparrondo · wall_segment Stone Wall x10 |
| 17:45 | Rovaker · first_building Archery Range |
| 18:04 | Rovaker · wall_segment Stone Wall x3 |
| 18:48 | ramparrondo · wall_segment Stone Wall x16 |
| 20:20 | Mourito · age_up castle |
| 20:28 | juanmartincr90 · wall_segment Stone Wall x10 |
| 21:28 | Rovaker · first_market_buy 100 food |
| 22:44 | Rovaker · first_market_sell 100 wood |
| 23:00 | juanmartincr90 · age_up castle |
| 23:23 | juanmartincr90 · first_building Barracks |
| 23:38 | Mourito · first_building Monastery |
| 24:33 | Mourito · first_building Castle |
| 25:02 | ramparrondo · age_up castle |
| 25:08 | juanmartincr90 · first_building Monastery |
| 26:12 | juanmartincr90 · wall_segment Stone Wall x11 |
| 26:19 | Rovaker · age_up castle |
| 26:23 | Rovaker · first_building Castle |
| 28:29 | Rovaker · first_building Siege Workshop |
| 29:57 | juanmartincr90 · first_building Siege Workshop |
| 30:39 | Rovaker · first_building Monastery |
| 32:55 | juanmartincr90 · first_building Castle |
| 34:56 | ramparrondo · first_building Castle |
| 35:26 | Mourito · first_market_sell 100 wood |
| 36:05 | ramparrondo · first_building Stable |
| 38:01 | juanmartincr90 · age_up imperial |
| 38:27 | Mourito · age_up imperial |
| 38:32 | ramparrondo · first_building Monastery |
| 39:08 | ramparrondo · wall_segment Stone Wall x4 |
| 39:23 | ramparrondo · wall_segment Stone Wall x5 |
| 39:48 | Rovaker · age_up imperial |
| 40:43 | ramparrondo · age_up imperial |
| 42:25 | juanmartincr90 · first_market_sell 100 food |
| 55:37 | Rovaker · wall_segment Stone Wall x13 |
| 57:17 | juanmartincr90 · wall_segment Stone Wall x7 |
| 57:24 | juanmartincr90 · wall_segment Stone Wall x5 |
| 57:33 | juanmartincr90 · wall_segment Stone Wall x7 |
| 64:14 | Rovaker · resign |
[ AI ANALYSIS · 1 CREDIT ]
What really happened in this match?
Wolo.gg analyzes every decision: build order, eco, micro, common mistakes by bracket. Personalized analysis on WhatsApp or Discord in 30 seconds.
Civ guide
Koreans
Perfil
Jugador #17773582